 Dungeon Crawl Stone Soup version 0.12.2-14-g7c90c79 (webtiles) character file.

247 MarVin the Skirmisher (level 4, 0/36 HPs)
             Began as a Demonspawn Fighter on Aug 5, 2013.
             Slain by a kobold (1 damage)
             ... on Level 2 of the Dungeon.
             The game lasted 00:07:30 (2126 turns).

MarVin the Skirmisher (Demonspawn Fighter)          Turns: 2126, Time: 00:07:30

HP   0/36        AC  6     Str 17      XL: 4   Next: 27%
MP   3/3         EV  5     Int  9      God:
Gold 161         SH 18     Dex 13      Spells:  0 memorised,  3 levels left

Res.Fire  : . . .   See Invis. : .   a - +0 hand axe {=f}
Res.Cold  : . . .   Warding    : .   b - +0 scale mail
Life Prot.: . . .   Conserve   : .   c - +0 shield
Res.Poison: .       Res.Corr.  : .   (no helmet)
Res.Elec. : .       Clarity    : .   (no cloak)
Sust.Abil.: . .     Spirit.Shd : .   (no gloves)
Res.Mut.  : .       Stasis     : .   (no boots)
Res.Rott. : .       Ctrl.Telep.: .   (no amulet)
Saprovore : . . .   Flight     : .   (no ring)
                                     (no ring)

@: non-regenerating, mildly diseased, slightly resistant to hostile
enchantments, extremely unstealthy
A: no striking features
a: no special abilities


You were on level 2 of the Dungeon.
You were hungry.

You visited 1 branch of the dungeon, and saw 2 of its levels.

You collected 141 gold pieces.

Inventory:

Hand weapons
 a - a +0,+0 hand axe (weapon) {=f}
Missiles
 g - 2 curare-tipped needles
 p - 4 needles of sleeping
Armour
 b - a +0 scale mail (worn)
 c - a +0 shield (worn)
 u - a +0 orcish buckler
Comestibles
 d - 2 bread rations
 k - 3 chokos
 n - a lemon
 q - a pear
 s - a meat ration
Scrolls
 e - 2 scrolls of magic mapping {unknown}
 f - a scroll of remove curse {unknown}
 h - a scroll of curse jewellery {unknown}
 j - a scroll of curse weapon {unknown}
 o - 2 scrolls of fear {unknown}
 r - 3 scrolls of enchant weapon II {unknown}
 t - a scroll of teleportation {unknown}
Jewellery
 m - an uncursed ring of protection from cold {unknown}
Potions
 l - a potion of gain intelligence {unknown}


   Skills:
 + Level 3.3 Fighting
 + Level 2.1 Axes
 + Level 3.2 Armour
 + Level 1.4 Dodging
 + Level 3.3 Shields


You had 3 spell levels left.
You didn't know any spells.

Dungeon Overview and Level Annotations

Branches:
Dungeon (2/27)

Altars:
Trog


Message History

Drink which item? (? for menu, Esc to quit)
Yuck - this tastes like blood.
You feel ill.
It was a potion of blood.
The kobold hits you but does no damage.
You hit the kobold.
You kill the kobold!
You start resting.
You see here 2 stones.
You start resting.
You are feeling hungry.
You start resting.
You see here a goblin corpse.
A large net falls onto you!
You become entangled in the net!
You see here a throwing net.
You slice into the net. The kobold barely misses you.
You slice the net and break free! You block the kobold's attack.
You see here an elven dagger.
There is a stone staircase leading down here.
You block the kobold's attack. The kobold hits you.
You die...

####### #..............#.#.#.#
#.....# #..............#.#.#.#
####.....#
#..............#.#.#.#
#..+.....#
#.............#......#
#.##.....#
#........#....#..#.###
#...#.)..# #...........#.#..#.#
###.#.##.##########.#....#..#.#
###....................^....#.#
................@K...>........#
########################.####.#
##...#.### .. #...'.... ...[
#.).#.### <.. #...#..). ..(
#...#..## .. #...#..##
###......


You could see a kobold.

Vanquished Creatures
  2 adders (D:2)
  A giant mite (D:1)
  An inept item mimic (D:2)
  A giant gecko (D:1)
  2 ball pythons (D:2)
  8 bats
  5 giant cockroaches
  8 hobgoblins
  An ooze (D:2)
  A quokka (D:2)
  2 giant newts
  8 goblins
  8 kobolds
  10 rats (D:1)
58 creatures vanquished.

Notes
Turn   | Place    | Note
--------------------------------------------------------------
     0 | D:1      | MarVin, the Demonspawn Fighter, began the quest for the Orb.
     0 | D:1      | Reached XP level 1. HP: 18/18 MP: 0/0
   162 | D:1      | Reached XP level 2. HP: 21/24 MP: 1/1
   555 | D:1      | Reached XP level 3. HP: 30/30 MP: 2/2
  1197 | D:2      | Reached skill level 1 in Dodging
  1542 | D:2      | Reached XP level 4. HP: 19/36 MP: 3/3
  1971 | D:2      | Found a bloodstained altar of Trog.
  2007 | D:2      | HP: 1/36 [kobold (2)]
  2126 | D:2      | Slain by a kobold

Action                   |  1- 3 |  4- 6 || total
-------------------------+-------+-------++-------
Melee: Hand axe          |   209 |    44 ||   253
  Use: Potion            |       |     1 ||     1
